 Dungeon Crawl Stone Soup version 0.31-a0-233-g139696dc86 (webtiles) character file.

Game seed: 8311442082858721059

42 qw the Shooter (level 3, 0/21 HPs)
             Began as a Gargoyle Hexslinger on July 9, 2023.
             Slain by a worm (8 damage)
             ... on level 2 of the Dungeon.
             The game lasted 00:00:21 (531 turns).

qw the Shooter (Gargoyle Hexslinger)                 Turns: 531, Time: 00:00:22

Health: 0/21       AC:  8    Str: 11    XL:     3   Next: 56%
Magic:  4/4        EV: 10    Int: 13    God:
Gold:   6          SH:  0    Dex: 14    Spells: 3/4 levels left

rFire   . . .        Y - +1 sling
rCold   . . .        (no shield)
rNeg    + . .        d - +0 ring mail
rPois   inf          (no helmet)
rElec   +            (no cloak)
rCorr   .            (no gloves)
SInv    .            (no boots)
Will    .....        (no amulet)
Stlth   +            (no ring)
HPRegen 0.23/turn    (no ring)
MPRegen 0.09/turn

%: no passive effects
@: no status effects
A: sickness immunity, AC +3, negative energy resistance 1, electricity
resistance, torment resistance 1, petrification resistance
a: no special abilities


You were on level 2 of the Dungeon.
You visited 1 branch of the dungeon, and saw 2 of its levels.

You collected 6 gold pieces.


Innate Abilities, Weirdness & Mutations

You are immune to sickness and miasma.
Your stone body is resilient. (AC +3)
You are immune to poison.
You resist negative energy. (rN+)
You are resistant to electric shocks. (rElec)
You are resistant to unholy torment.
You are immune to petrification.


   Skills:
 - Level 2.0 Fighting
 + Level 3.4 Ranged Weapons
 - Level 1.5 Dodging
 - Level 1.0 Spellcasting
 - Level 2.6 Hexes


You had 3 spell levels left.
You knew the following spells:

 Your Spells              Type           Power      Damage    Failure   Level
a - Slow                  Hex            28%        N/A       22%         1

Your spell library contained the following spells:

 Spells                   Type           Power      Damage    Failure   Level
 Inner Flame              Hex/Fire       4%         N/A       75%         3
 Portal Projectile        Hex/Tloc       8%         N/A       75%         3
 Cause Fear               Hex            3%         N/A       92%         4

Inventory:

Hand Weapons
 Y - a +1 sling (weapon)
Armour
 a - a +2 robe of positive energy
 d - a +0 ring mail (worn)
Scrolls
 h - a scroll of identify
 j - a scroll of teleportation
Potions
 b - a potion of haste {unknown}
 f - a potion of resistance
 i - a potion of degeneration {unknown}
 m - a potion of heal wounds {unknown}

Dungeon Overview and Level Annotations

Branches:
Dungeon (2/15)

Altars:

Shops:
D:1 :

Annotations:
D:1 3 transporters


Message History

You shoot a sling bullet.
The sling bullet hits the giant cockroach.
You kill the giant cockroach!
b - a purple potion
Enter note:
Enter note:
Enter note: A worm comes into view.
Found an escape hatch in the floor.
A rat comes into view.
Enter note:
Enter note:
Enter note: You shoot a sling bullet.
The sling bullet hits the worm.
The worm is moderately wounded.
You shoot a sling bullet. The sling bullet hits the worm.
The worm is moderately wounded.
The worm barely misses you.
You shoot a sling bullet. The sling bullet hits the worm.
The worm is heavily wounded.
The rat barely misses you. The worm bites you.
You shoot a sling bullet. The sling bullet hits the worm.
The worm is heavily wounded.
The rat bites you. The worm bites you. The rat bites you but does no damage.
You shoot a sling bullet. The sling bullet hits the worm.
The worm is heavily wounded.
The rat closely misses you. The worm bites you but does no damage.
You shoot a sling bullet. The sling bullet hits the worm.
The worm is heavily wounded.
The rat barely misses you. The worm bites you.
You shoot a sling bullet.
The sling bullet barely misses the worm.
The rat bites you but does no damage. x2; The worm misses you.
You shoot a sling bullet. The sling bullet hits the worm.
The worm is heavily wounded.
The rat bites you but does no damage.
You shoot a sling bullet. The sling bullet hits the worm.
The worm is heavily wounded.
The rat bites you but does no damage. The worm bites you!
You die...

##.....# .
#####......###
..##........#...#
............###.#
..##........# #.##
...#........###..#
.#............##.#
....###.#...#..#.#
#...#..........#@#
#......#<.#..###rw......
........................
.....#...#####..##......
##........# #.. ......
#.#...#..# #.. ......
#.##..#.... ... ..###
##.......#####.. >##
.........##


You could see a worm and a rat.

Vanquished Creatures
  A gnoll (D:1)
  2 dart slugs (D:1)
  3 bats (D:1)
  An endoplasm (D:2)
  A giant cockroach (D:2)
  A goblin (D:1)
  8 hobgoblins
  3 kobolds (D:1)
  4 ball pythons (D:1)
  A rat (D:1)
25 creatures vanquished.

Notes
Turn   | Place    | Note
-------+----------+-------------------------------------------
     0 | D:1      | qw the Gargoyle Hexslinger began the quest for the Orb.
     0 | D:1      | Reached XP level 1. HP: 12/12 MP: 2/2
     0 | D:1      | 0 ||| qw: Version: 0.3-a-51-g015441d
     0 | D:1      | 0 ||| qw: Game counter: 3924
     0 | D:1      | 0 ||| qw: Melee chars always use a shield: true
     0 | D:1      | 0 ||| qw: God list: Okawaru
     0 | D:1      | 0 ||| qw: Allow faded altars: false
     0 | D:1      | 0 ||| qw: Do Orc after clearing Dungeon:15 true
     0 | D:1      | 0 ||| qw: Do second Lair branch before Depths: true
     0 | D:1      | 0 ||| qw: Lair rune preference: random
     0 | D:1      | 0 ||| qw: Goals: Normal
     0 | D:1      | 0 ||| PLANNING D:1-11
    57 | D:1      | Reached skill level 3 in Ranged Weapons
    57 | D:1      | Reached XP level 2. HP: 16/16 MP: 3/3
   185 | D:1      | Found a transporter.
   187 | D:1      | Found Yqyrrus's Book Emporium.
   206 | D:1      | Reached XP level 3. HP: 21/21 MP: 4/4
   370 | D:1      | Found a transporter.
   407 | D:1      | 407 ||| UPGRADING to +0 ring mail.
   417 | D:1      | 417 ||| DROPPING +0 robe.
   418 | D:1      | 418 ||| DROPPING amulet of magic regeneration.
   419 | D:1      | 419 ||| READING scroll labelled ZIATEN HAFFECLEO.
   420 | D:1      | 420 ||| READING scroll labelled LIUDYRGHIDA.
   421 | D:1      | 421 ||| READING 3 scrolls labelled TUINLITENY.
   422 | D:1      | 422 ||| READING 2 scrolls labelled QYOFAS TIMATSOI.
   427 | D:1      | 427 ||| READING scroll labelled JOMEIPHIM OCOU.
   428 | D:1      | 428 ||| READING 2 scrolls of identify.
   428 | D:1      | 428 ||| IDENTIFYING coppery potion
   429 | D:1      | 429 ||| DROPPING scroll of poison.
   531 | D:2      | Slain by a worm

Levels and vault maps discovered:
D:1:      spicycebolla_arrival_risky_transporter, layout_rooms, serial_shops,
          nicolae_shop_drivethru
D:2:      layout_rooms, basic_altar

Skill      XL: |  1  2  3 |
---------------+----------+-----
Ranged Weapons | 3 |  3.4
Fighting       | 2 |  2.0
Dodging        | |  1.5
Spellcasting   | |  1.0
Hexes          | |  2.6

Action                     || total
---------------------------++-------
   Fire: Sling             ||    91
    Use: Scroll            ||     6
 Armour: Robe              ||     2
         Ring mail         ||    23
  Dodge: Dodged            ||    29

Table legend:
 A = Non-vault XP
 B = Vault XP
 C = Vault XP percentage of total XP
 D = Non-vault monster count
 E = Vault monster count
 F = Vault count percentage of total count
                 A         B        C        D         E       F
            +---------+---------+-------+---------+---------+-------
      Total |      61 |       0 |   0.0 |      25 |       0 |   0.0
            +---------+---------+-------+---------+---------+-------
        D:1 |      53 |       0 |   0.0 |      21 |       0 |   0.0
        D:2 |       8 |       0 |   0.0 |       4 |       0 |   0.0
            +---------+---------+-------+---------+---------+-------
